 Dungeon Crawl Stone Soup version 0.31-a0-174-g85c54bcb58 (webtiles) character file.

Game seed: 14045033276242579409

315 qw the Shooter (level 6, -2/57 HPs)
             Began as a Naga Hunter on June 16, 2023.
             Slain by an ogre
             ... wielding a +0 giant spiked club
              (25 damage)
             ... on level 4 of the Dungeon.
             The game lasted 00:00:58 (2252 turns).

qw the Shooter (Naga Hunter)                        Turns: 2252, Time: 00:00:59

Health: -2/57      AC:  7    Str: 14    XL:     6   Next: 43%
Magic:  6/6        EV:  9    Int:  9    God:
Gold:   56         SH:  0    Dex: 16    Spells: 5/5 levels left

rFire   . . .        Y - +1 shortbow (chaos)
rCold   . . .        (shield currently unavailable)
rNeg    . . .        i - +3 leather armour
rPois   +            (no helmet)
rElec   .            c - +0 cloak
rCorr   .            (no gloves)
SInv    +            (no barding)
Will    +....        (no amulet)
Stlth   ++           h - ring of willpower
HPRegen 0.29/turn    (no ring)
MPRegen 0.10/turn

%: no passive effects
@: mighty, very slow
A: AC +2, large, see invisible, deformed body, poison resistance, slowness 2,
spit poison 1, naga tail 1
a: Spit Poison


You were on level 4 of the Dungeon.
You visited 1 branch of the dungeon, and saw 4 of its levels.

You collected 231 gold pieces.
You spent 175 gold pieces at shops.


Innate Abilities, Weirdness & Mutations

Your serpentine skin is tough. (AC +2)
You have supernaturally acute eyesight. (SInv)
Armour fits poorly on your strangely shaped body.
Your system is resistant to poisons. (rPois)
You cover ground very slowly.
You can spit poison.
You have a snake-like lower body.


   Skills:
 + Level 3.8 Fighting
 - Level 6.1 Ranged Weapons
 - Level 1.5 Dodging
 - Level 1.5 Stealth


You had 5 spell levels left.
You didn't know any spells.
Your spell library was empty.

Inventory:

Hand Weapons
 Y - a +1 shortbow of chaos (weapon)
Armour
 c - a +0 cloak (worn)
 i - a +3 leather armour (worn)
Jewellery
 h - a ring of willpower (left hand)
Scrolls
 a - 2 scrolls of identify
 e - a scroll of teleportation
Potions
 b - a potion of might
 d - a potion of curing

Dungeon Overview and Level Annotations

Branches:
Dungeon (4/15)             Temple (0/1) D:4

Altars:

Shops:
D:2 (   D:4 :*:

Annotations:
D:3 1 runed translucent door, qw's ghost, amateur NaHu


Message History

Enter note:
2148 ||| PLANNING TEMPLE
2148 ||| UPGRADING to +0 cloak.
You start putting on your armour.
You continue putting on your +0 cloak. x4
You finish putting on your +0 cloak.
2153 ||| READING scroll labelled KUDINI GULE.
As you read the scroll labelled KUDINI GULE, it crumbles to dust.
Your body is wracked with pain!
It was a scroll of torment.
You start resting.
HP restored.
2246 ||| READING scroll labelled LYC MENITS.
As you read the scroll labelled LYC MENITS, it crumbles to dust.
It is a scroll of enchant armour.
Really abort (and waste the scroll)?
2247 ||| DRINKING 2 murky clear potions.
It was a potion of might.
You feel very mighty all of a sudden.
(D) Dungeon (T) Temple
Where to? (* - list waypoints, Enter - D:4, ? - help)
An ogre comes into view. It is wielding a +0 giant spiked club.
There is an open door here.
Enter note:
Enter note:
2249 ||| INVOKING Spit Poison.
Aiming: Spit Poison (1% risk of failure)
Press: ? - help, Shift-Dir - straight line, f - ogre The splash of poison hits the ogre.
The ogre is lightly wounded.
You shoot an arrow. The arrow hits the ogre.
The ogre is lightly wounded.
The ogre barely misses you.
You shoot an arrow. The arrow hits the ogre.
The arrow freezes the ogre.
The ogre is moderately wounded.
The ogre hits you with a +0 giant spiked club!!
Ouch! That really hurt!
You shoot an arrow. The arrow hits the ogre!
The ogre resists with some effort.
The ogre is severely wounded.
You have got your breath back.
The ogre hits you with a +0 giant spiked club!!
You die...

.## ..## ...#
...###################
...##.................
..............#####+###
...##.........###.....#
...##..<........#.###.#
...##.........#.@.#>+
..............###O###.#
.)#...........# .....#
####..........# ##+###
##....###### #.. ##


You could see an ogre.

Vanquished Creatures
  A hound (D:4)
  A jelly (D:4)
  3 orc wizards (D:4)
  4 gnolls (D:2)
  5 adders
  A worm (D:3)
  A dart slug (D:2)
  12 orcs
  2 bats (D:1)
  6 endoplasms
  7 giant cockroaches
  6 goblins
  2 hobgoblins
  6 jackals (D:4)
  8 kobolds
  A quokka (D:1)
  7 ball pythons
  7 frilled lizards
  3 rats
  A spectral kobold (D:1)
84 creatures vanquished.

Notes
Turn   | Place    | Note
-------+----------+-------------------------------------------
     0 | D:1      | qw the Naga Hunter began the quest for the Orb.
     0 | D:1      | Reached XP level 1. HP: 19/19 MP: 1/1
     0 | D:1      | 0 ||| qw: Version: 0.2-a-29-g511e9b1
     0 | D:1      | 0 ||| qw: Game counter: 5639
     0 | D:1      | 0 ||| qw: Always use a shield: true
     0 | D:1      | 0 ||| qw: God list: Okawaru
     0 | D:1      | 0 ||| qw: Allow faded altars: false
     0 | D:1      | 0 ||| qw: Do Orc after D:15 true
     0 | D:1      | 0 ||| qw: Do second Lair branch before Depths: true
     0 | D:1      | 0 ||| qw: Lair rune preference: random
     0 | D:1      | 0 ||| qw: Plans: Normal
     0 | D:1      | 0 ||| PLANNING D:1-11
    20 | D:1      | 20 ||| INVOKING Spit Poison.
    55 | D:1      | 55 ||| INVOKING Spit Poison.
    92 | D:1      | 92 ||| INVOKING Spit Poison.
   126 | D:1      | 126 ||| INVOKING Spit Poison.
   131 | D:1      | 131 ||| INVOKING Spit Poison.
   145 | D:1      | Reached skill level 4 in Ranged Weapons
   145 | D:1      | Reached XP level 2. HP: 26/26 MP: 2/2
   229 | D:1      | 229 ||| INVOKING Spit Poison.
   287 | D:1      | 287 ||| INVOKING Spit Poison.
   447 | D:1      | 447 ||| INVOKING Spit Poison.
   605 | D:1      | 605 ||| INVOKING Spit Poison.
   761 | D:1      | 761 ||| INVOKING Spit Poison.
   775 | D:1      | Found a faded altar of an unknown god.
   807 | D:1      | 807 ||| INVOKING Spit Poison.
   808 | D:1      | 808 ||| INVOKING Spit Poison.
   848 | D:1      | 848 ||| INVOKING Spit Poison.
   852 | D:1      | Reached XP level 3. HP: 32/32 MP: 3/3
   857 | D:1      | 857 ||| INVOKING Spit Poison.
   914 | D:1      | 914 ||| READING scroll labelled JOSUFIS MUOTH.
   915 | D:1      | 915 ||| READING scroll labelled ELUYJ ZIOGOFAH.
   916 | D:1      | 916 ||| READING scroll labelled JAEFOM KAMAFO.
   917 | D:1      | 917 ||| DROPPING scroll of butterflies.
   966 | D:2      | 966 ||| INVOKING Spit Poison.
   971 | D:2      | 971 ||| INVOKING Spit Poison.
   976 | D:2      | 976 ||| INVOKING Spit Poison.
   977 | D:2      | Reached skill level 5 in Ranged Weapons
   980 | D:2      | Reached XP level 4. HP: 39/39 MP: 4/4
   984 | D:2      | 984 ||| INVOKING Spit Poison.
   993 | D:2      | 993 ||| FLEEEEING.
   994 | D:2      | 994 ||| STAIRDANCE
  1050 | D:2      | 1050 ||| INVOKING Spit Poison.
  1064 | D:2      | 1064 ||| INVOKING Spit Poison.
  1095 | D:2      | 1095 ||| INVOKING Spit Poison.
  1118 | D:2      | 1118 ||| INVOKING Spit Poison.
  1130 | D:2      | Found Fum Anke's Antique Weapon Shop.
  1139 | D:2      | 1139 ||| INVOKING Spit Poison.
  1152 | D:2      | 1152 ||| INVOKING Spit Poison.
  1187 | D:2      | Identified the +3 scale mail of Paranoia {Int+3 Dex+2}
  1221 | D:2      | 1221 ||| INVOKING Spit Poison.
  1224 | D:2      | 1224 ||| INVOKING Spit Poison.
  1225 | D:2      | Reached skill level 3 in Fighting
  1234 | D:2      | 1234 ||| INVOKING Spit Poison.
  1356 | D:2      | 1356 ||| INVOKING Spit Poison.
  1423 | D:2      | 1423 ||| READING scroll labelled KERYFE FYGHECAG.
  1424 | D:2      | 1424 ||| READING scroll labelled QUDOUM FIMA.
  1438 | D:3      | 1438 ||| INVOKING Spit Poison.
  1439 | D:3      | Reached XP level 5. HP: 49/49 MP: 5/5
  1483 | D:3      | 1483 ||| INVOKING Spit Poison.
  1543 | D:3      | 1543 ||| INVOKING Spit Poison.
  1573 | D:3      | 1573 ||| INVOKING Spit Poison.
  1583 | D:3      | 1583 ||| INVOKING Spit Poison.
  1630 | D:3      | Found a runed translucent door.
  1630 | D:3      | Noticed a sky beast
  1631 | D:3      | Noticed qw's ghost (amateur NaHu)
  1632 | D:3      | 1632 ||| INVOKING Spit Poison.
  1637 | D:3      | 1637 ||| INVOKING Spit Poison.
  1687 | D:3      | 1687 ||| INVOKING Spit Poison.
  1860 | D:3      | 1860 ||| INVOKING Spit Poison.
  1885 | D:3      | 1885 ||| INVOKING Spit Poison.
  1892 | D:3      | 1892 ||| UPGRADING to +3 leather armour.
  1902 | D:3      | 1902 ||| DROPPING +0 leather armour.
  1903 | D:3      | 1903 ||| UPGRADING to ring of willpower.
  1904 | D:3      | 1904 ||| READING scroll labelled MIOLEMYSHU.
  1905 | D:3      | 1905 ||| READING scroll labelled USTODY EMIUWENOD.
  1906 | D:3      | 1906 ||| READING scroll labelled TYTIAT QUONI.
  1907 | D:3      | 1907 ||| READING 3 scrolls of identify.
  1907 | D:3      | 1907 ||| IDENTIFYING fizzy brown potion
  1908 | D:3      | 1908 ||| READING 2 scrolls of identify.
  1908 | D:3      | 1908 ||| IDENTIFYING black potion
  1909 | D:3      | 1909 ||| DROPPING potion of degeneration.
  1910 | D:3      | 1910 ||| DROPPING potion of brilliance.
  1921 | D:4      | 1921 ||| INVOKING Spit Poison.
  1926 | D:4      | 1926 ||| INVOKING Spit Poison.
  1932 | D:4      | 1932 ||| INVOKING Spit Poison.
  1947 | D:4      | Found Jygro's Book Shoppe.
  1958 | D:4      | Found Raecsudd's General Store.
  1963 | D:4      | 1963 ||| BUYING +0 cloak (63 gold).
  1963 | D:4      | Bought a +0 cloak for 63 gold pieces
  1963 | D:4      | 1963 ||| BUYING potion of curing (42 gold).
  1963 | D:4      | Bought a potion of curing for 42 gold pieces
  1963 | D:4      | 1963 ||| BUYING scroll of identify (28 gold).
  1963 | D:4      | Bought a scroll of identify for 28 gold pieces
  1963 | D:4      | 1963 ||| BUYING scroll of teleportation (42 gold).
  1963 | D:4      | Bought a scroll of teleportation for 42 gold pieces
  1965 | D:4      | 1965 ||| INVOKING Spit Poison.
  1968 | D:4      | 1968 ||| INVOKING Spit Poison.
  2008 | D:4      | 2008 ||| INVOKING Spit Poison.
  2012 | D:4      | 2012 ||| INVOKING Spit Poison.
  2019 | D:4      | 2019 ||| INVOKING Spit Poison.
  2023 | D:4      | 2023 ||| INVOKING Spit Poison.
  2028 | D:4      | 2028 ||| INVOKING Spit Poison.
  2030 | D:4      | Reached skill level 6 in Ranged Weapons
  2030 | D:4      | Reached XP level 6. HP: 36/56 MP: 6/6
  2039 | D:4      | 2039 ||| INVOKING Spit Poison.
  2072 | D:4      | 2072 ||| INVOKING Spit Poison.
  2079 | D:4      | 2079 ||| INVOKING Spit Poison.
  2084 | D:4      | 2084 ||| INVOKING Spit Poison.
  2103 | D:4      | Found Poripp's Book Emporium.
  2111 | D:4      | 2111 ||| INVOKING Spit Poison.
  2147 | D:4      | Found a staircase to the Ecumenical Temple.
  2148 | D:4      | 2148 ||| PLANNING TEMPLE
  2148 | D:4      | 2148 ||| UPGRADING to +0 cloak.
  2153 | D:4      | 2153 ||| READING scroll labelled KUDINI GULE.
  2246 | D:4      | 2246 ||| READING scroll labelled LYC MENITS.
  2247 | D:4      | 2247 ||| DRINKING 2 murky clear potions.
  2249 | D:4      | 2249 ||| INVOKING Spit Poison.
  2252 | D:4      | Slain by an ogre

Levels and vault maps discovered:
D:1:      dpeg_chamrin_arrival_tetris, layout_loops_corners,
          dreamdust_ecumenical_altar_drowned_temple
D:2:      layout_rooms, serial_shops, nicolae_shop_rolling_square
D:3:      layout_rooms, ebering_ghost_inner_flame, grunt_decor_mini_mirrors
D:4:      cheibrodos_thug_alley, layout_rooms, minmay_temple_entry_glassed_door,
          serial_shops, shop, shop, nicolae_square_shop, shop

Skill      XL: |  1  2  3  4  5 |
---------------+----------------+-----
Ranged Weapons | 4 5 6 |  6.1
Fighting       | 3 |  3.8
Dodging        | |  1.5
Stealth        | |  1.5

Action                     |  1- 3 |  4- 6 || total
---------------------------+-------+-------++-------
   Fire: Shortbow          |    40 |   115 ||   155
Ability: Spit Poison       |    16 |    37 ||    53
    Use: Scroll            |     3 |     9 ||    12
         Potion            |       |     1 ||     1
 Armour: Leather armour    |     1 |    20 ||    21
  Dodge: Dodged            |     7 |    17 ||    24

Table legend:
 A = Non-vault XP
 B = Vault XP
 C = Vault XP percentage of total XP
 D = Non-vault monster count
 E = Vault monster count
 F = Vault count percentage of total count
                 A         B        C        D         E       F
            +---------+---------+-------+---------+---------+-------
      Total |     449 |       1 |   0.2 |      83 |       1 |   1.2
            +---------+---------+-------+---------+---------+-------
        D:1 |      35 |       1 |   2.8 |      22 |       1 |   4.3
        D:2 |     128 |       0 |   0.0 |      18 |       0 |   0.0
        D:3 |      28 |       0 |   0.0 |      15 |       0 |   0.0
        D:4 |     258 |       0 |   0.0 |      28 |       0 |   0.0
            +---------+---------+-------+---------+---------+-------
